 Dungeon Crawl Stone Soup version 0.28.0-1-gb440e238dd (webtiles) character file.

Game seed: 14861677309005944415

95 themarg the Charlatan (level 4, 0/38 HPs)
             Began as a Gnoll Wanderer on Feb 19, 2022.
             Splashed by a jelly's acid (5 damage)
             ... on level 4 of the Dungeon.
             The game lasted 00:08:49 (3513 turns).

themarg the Charlatan (Gnoll Wanderer)              Turns: 3513, Time: 00:08:49

Health: 0/38       AC: -5    Str: 16    XL:     4   Next: 65%
Magic:  11/11      EV: 11    Int: 13    God:
Gold:   118        SH:  0    Dex:  7    Spells: 13/13 levels left

rFire   . . .      SeeInvis .   f - +0 short sword
rCold   . . .      Faith    .   (no shield)
rNeg    . . .      Spirit   .   d - +3 leather armour
rPois   .          Reflect  .   (no helmet)
rElec   .          Harm     .   (no cloak)
rCorr   .          Rampage  .   (no gloves)
Will    .....                   (no boots)
Stlth   +.........              (no amulet)
HPRegen 0.12/turn               (no ring)
MPRegen 0.12/turn               (no ring)

@: corroded
A: fangs 1, strong nose, distributed training
a: no special abilities


You were on level 4 of the Dungeon.
You visited 1 branch of the dungeon, and saw 4 of its levels.

You collected 118 gold pieces.

Inventory:

Hand Weapons
 f - a +0 short sword (weapon)
Missiles
 g - 157 stones
 l - 9 poisoned darts
Armour
 b - a +0 ring mail
 d - a +3 leather armour (worn)
Wands
 c - a wand of polymorph (19) (quivered)
Scrolls
 e - 2 scrolls of enchant weapon {unknown}
 i - 3 scrolls of fear {unknown}
 n - 2 scrolls of teleportation {unknown}
Potions
 a - a potion of ambrosia {unknown}
 h - 3 potions of haste
 j - a potion of heal wounds {unknown}
 k - 2 potions of invisibility
 m - a potion of lignification {unknown}
 o - a potion of attraction {unknown}


   Skills:
 + Level 4.6 Fighting
 + Level 1.2 Short Blades
 + Level 1.2 Long Blades
 + Level 1.2 Axes
 + Level 1.2 Maces & Flails
 + Level 1.2 Polearms
 + Level 1.2 Staves
 + Level 1.2 Slings
 + Level 1.2 Bows
 + Level 1.2 Crossbows
 + Level 1.2 Throwing
 + Level 2.8 Armour
 + Level 2.8 Dodging
 + Level 1.2 Stealth
 + Level 1.2 Shields
 + Level 1.2 Unarmed Combat
 + Level 5.1 Spellcasting
 + Level 1.0 Conjurations
 + Level 1.0 Hexes
 + Level 1.0 Summonings
 + Level 1.0 Necromancy
 + Level 1.0 Translocations
 + Level 1.0 Transmutations
 + Level 1.0 Fire Magic
 + Level 1.0 Ice Magic
 + Level 2.2 Air Magic
 + Level 1.0 Earth Magic
 + Level 1.0 Poison Magic
 + Level 1.3 Invocations
 + Level 6.6 Evocations


You had 13 spell levels left.
You didn't know any spells.
Your spell library contained the following spells:

 Spells                   Type           Power      Damage    Failure   Level
 Animate Skeleton         Necr           10%        N/A       14%         1
 Apportation              Tloc           10%        N/A       14%         1
 Pain                     Necr           20%        1d5       14%         1
 Summon Small Mammal      Summ           20%        N/A       14%         1
 Poisonous Vapours        Pois/Air       14%        N/A       17%         2
 Static Discharge         Conj/Air       7%         N/A       17%         2
 Dazzling Flash           Conj/Hex       10%        N/A       41%         3
 Silence                  Hex/Air        3%         N/A       97%         5
 Agony                    Necr           5%         N/A       99%         5
 Excruciating Wounds      Necr           2%         N/A       99%         5


Dungeon Overview and Level Annotations

Branches:
Dungeon (4/15)
 Temple: D:4-7

Altars:


Innate Abilities, Weirdness & Mutations

You have very sharp teeth.
Your uncanny sense of smell can sniff out nearby items.
Your experience applies equally to all skills.


Message History

You hit the goblin.
The goblin is moderately wounded.
The goblin misses you.
You closely miss the goblin.
The goblin is moderately wounded.
The goblin barely misses you.
You hit the goblin.
The goblin is almost dead.
The goblin hits you but does no damage.
You hit the goblin.
You kill the goblin!
Found a potion of haste.
There is an escape hatch in the floor here.
Found 7 gold pieces.
i - 3 scrolls labelled RANAEF NEXU (gained 1)
Found a stone staircase leading down.
h - 3 potions of haste (gained 1)
Found a leather armour.
You now have 118 gold pieces (gained 7).
A jelly comes into view.
The jelly quivers.
The jelly jiggles.
You hit the jelly. The acid corrodes you!
Your hands burn!
The jelly is lightly wounded.
The jelly misses you.
You barely miss the jelly.
The jelly is lightly wounded.
The jelly hits you but does no damage.
You hit the jelly. The acid corrodes you!
Your hands burn!
You punch the jelly.
The jelly is moderately wounded.
The jelly completely misses you.
You hit the jelly but do no damage.
Your hands burn!
The jelly is moderately wounded.
The jelly hits you.
You are splashed with acid!
You hit the jelly but do no damage. The acid corrodes you!
Your hands burn!
The jelly is moderately wounded.
The jelly hits you.
You are splashed with acid!
* * * LOW HITPOINT WARNING * * *
Okay, then.
You hit the jelly but do no damage.
Your hands burn!
You die...

##### ##############
....# #............#
....+ #............#
>...# #............#
....#####.......@J...#
..........######+#####
..........#
..........#
..........#
..........#
..........#
..........#
######....#


You could see a jelly.

Vanquished Creatures
  2 adders
  2 worms
  3 dart slugs
  5 ball pythons
  5 bats
  5 endoplasms
  2 giant cockroaches
  7 goblins
  4 hobgoblins
  7 jackals
  3 quokkas
  6 frilled lizards
  7 kobolds
  A rat (D:1)
59 creatures vanquished.

Notes
Turn   | Place    | Note
-------+----------+-------------------------------------------
     0 | D:1      | themarg the Gnoll Wanderer began the quest for the Orb.
     0 | D:1      | themarg set off with the following items: a +0 club, a +0
                  | ring mail, a wand of polymorph (19); and the following
                  | spells available to memorise: Poisonous Vapours, Static
                  | Discharge
     0 | D:1      | Reached XP level 1. HP: 20/20 MP: 6/6
   215 | D:1      | Reached XP level 2. HP: 25/26 MP: 7/7
   471 | D:1      | Found a faded altar of an unknown god.
   589 | D:1      | Reached XP level 3. HP: 31/31 MP: 9/9
   882 | D:2      | Reached skill level 5 in Spellcasting
  1028 | D:2      | Reached skill level 1 in Invocations
  1503 | D:2      | Reached skill level 1 in Short Blades
  1503 | D:2      | Reached skill level 1 in Long Blades
  1503 | D:2      | Reached skill level 1 in Axes
  1503 | D:2      | Reached skill level 1 in Maces & Flails
  1503 | D:2      | Reached skill level 1 in Polearms
  1503 | D:2      | Reached skill level 1 in Staves
  1503 | D:2      | Reached skill level 1 in Slings
  1503 | D:2      | Reached skill level 1 in Bows
  1503 | D:2      | Reached skill level 1 in Crossbows
  1503 | D:2      | Reached skill level 1 in Throwing
  1503 | D:2      | Reached skill level 1 in Stealth
  1503 | D:2      | Reached skill level 1 in Shields
  1503 | D:2      | Reached skill level 1 in Unarmed Combat
  1825 | D:2      | Reached XP level 4. HP: 38/38 MP: 11/11
  3240 | D:4      | Reached skill level 1 in Conjurations
  3240 | D:4      | Reached skill level 1 in Hexes
  3240 | D:4      | Reached skill level 1 in Summonings
  3240 | D:4      | Reached skill level 1 in Necromancy
  3240 | D:4      | Reached skill level 1 in Translocations
  3240 | D:4      | Reached skill level 1 in Transmutations
  3240 | D:4      | Reached skill level 1 in Fire Magic
  3240 | D:4      | Reached skill level 1 in Ice Magic
  3240 | D:4      | Reached skill level 1 in Earth Magic
  3240 | D:4      | Reached skill level 1 in Poison Magic
  3513 | D:4      | Splashed by a jelly's acid

Illustrated notes

Levels and vault maps discovered:
D:1:      evilmike_arrival_crescent, layout_rooms,
          dreamdust_ecumenical_altar_hidden_monk_grotto, minmay_split_cup_large
D:2:      kb_forest_paths, layout_basic, serial_co_window_serial,
          co_window_of_opportunity_a, co_window_of_opportunity_a,
          co_window_paths_a, co_window_of_opportunity_a, co_window_paths_b,
          co_window_paths_b, co_window_of_opportunity_a, co_window_corner_cb,
          co_window_2corner, co_window_paths_c, co_window_unsneaky_path_c,
          co_window_corner_b, glass_columns_a, glass_columns_a
D:3:      layout_basic
D:4:      layout_gridville, minmay_overflow_temple_star_hex,
          minmay_misc_feat_diagonals

Skill      XL: |  1  2  3  4 |
---------------+-------------+-----
Air Magic      | 2 |  2.2
Spellcasting   | 5 |  5.1
Invocations    | 1 |  1.3
Short Blades   | 1 |  1.2
Long Blades    | 1 |  1.2
Axes           | 1 |  1.2
Maces & Flails | 1 |  1.2
Polearms       | 1 |  1.2
Staves         | 1 |  1.2
Slings         | 1 |  1.2
Bows           | 1 |  1.2
Crossbows      | 1 |  1.2
Throwing       | 1 |  1.2
Stealth        | 1 |  1.2
Shields        | 1 |  1.2
Unarmed Combat | 1 |  1.2
Conjurations   | 1 |  1.0
Hexes          | 1 |  1.0
Summonings     | 1 |  1.0
Necromancy     | 1 |  1.0
Translocations | 1 |  1.0
Transmutations | 1 |  1.0
Fire Magic     | 1 |  1.0
Ice Magic      | 1 |  1.0
Earth Magic    | 1 |  1.0
Poison Magic   | 1 |  1.0
Fighting       | |  4.6
Armour         | |  2.8
Dodging        | |  2.8
Evocations     | |  6.6

Action                   |  1- 3 |  4- 6 || total
-------------------------+-------+-------++-------
Melee: Club              |    30 |       ||    30
       Bite              |    17 |     8 ||    25
       Punch             |     2 |     2 ||     4
       Short sword       |   154 |   117 ||   271
  Use: Scroll            |       |     2 ||     2
 Stab: Sleeping          |     1 |       ||     1
Armor: Leather armour    |    82 |    53 ||   135
Dodge: Dodged            |   134 |    54 ||   188
